 Dungeon Crawl Stone Soup version 0.19-a0-231-gae044c8 (webtiles) character file.

286 oplop the Sneak (level 6, 0/47 HPs)
             Began as a Vampire Assassin on May 25, 2016.
             Slain by Purgy (2 damage)
             ... in a sewer.
             The game lasted 00:05:42 (2853 turns).

oplop the Sneak (Vampire Assassin)                  Turns: 2853, Time: 00:05:44

Health: 0/47       AC:  3    Str: 10    XL:     6   Next: 8%
Magic:  6/6        EV: 13    Int: 14    God:
Gold:   105        SH:  0    Dex: 17    Spells: 0 memorised, 5 levels left

rFire  . . .     SeeInvis +     a - +3 dagger
rCold  + + .     Gourm    .     c - +0 robe
rNeg   + + +     Faith    .     (no shield)
rPois  +         Spirit   .     (no helmet)
rElec  .         Dismiss  .     d - +0 cloak
rCorr  .         Reflect  .     (no gloves)
SustAt .         Harm     .     (no boots)
MR     .....                    (no amulet)
Stlth  ++........               (no ring)
                                (no ring)

@: regenerating slowly, not resistant to hostile enchantments, unstealthy
A: fangs 3, see invisible, unbreathing
a: Bat Form


You were in a sewer.
You were near bloodless.

You visited 2 branches of the dungeon, and saw 5 of its levels.
You also visited: Sewer.

You collected 105 gold pieces.

Inventory:

Hand Weapons
 a - a +3 dagger (weapon)
 b - a +0 blowgun
Missiles
 e - 15 poisoned needles
 f - 2 curare-tipped needles
Armour
 c - a +0 robe (worn)
 d - a +0 cloak (worn)
 j - a +0 pair of boots
Wands
 v - a wand of iceblast (6/15)
 x - a wand of confusion (27/48)
Scrolls
 i - 2 scrolls of teleportation
 k - a scroll of enchant weapon
 m - 2 scrolls of remove curse
 n - 2 scrolls of identify
 s - a scroll of immolation
Potions
 g - a potion of blood
 h - 3 potions of curing
 l - 2 potions of brilliance
 o - a potion of cancellation {unknown}
 p - a potion of magic {unknown}
 q - a potion of cure mutation {unknown}
 r - a potion of lignification {unknown}
 t - a potion of agility {unknown}
 w - a potion of might {unknown}


   Skills:
 + Level 3.0 Fighting
 + Level 3.5 Short Blades
 + Level 2.7 Throwing
 + Level 3.0 Dodging
 + Level 7.4 Stealth


You had 5 spell levels left.
You didn't know any spells.

Dungeon Overview and Level Annotations

Branches:
Dungeon (4/15)             Temple (1/1) D:4

Altars:
Ashenzari
Dithmenos
Fedhas
Gozag
Makhleb
Nemelex Xobeh
Okawaru
Pakellas
Qazlal
Ru
Trog
Xom
Yredelemnul
Zin
The Shining One

Annotations:
Sewer Purgy


Innate Abilities, Weirdness & Mutations

You heal slowly.
You have razor-sharp teeth.
You have supernaturally acute eyesight. (SInv)
You can survive without breathing.


Message History

Found 2 smoky pink potions, a lumpy silvery potion and 16 gold pieces.
You hit Purgy but do no damage. You bite Purgy.
You draw Purgy's blood!
You feel better.
You feel slightly less thirsty.
Purgy is lightly wounded.
Purgy looks very sad for a moment.
Purgy bites you.
* * * LOW HITPOINT WARNING * * *
Purgy barely misses you. Purgy closely misses you.
Drink which item? (? for menu, Esc to quit)
Okay, then.
You fail to use your ability.
Purgy bites you.
* * * LOW HITPOINT WARNING * * *
Purgy closely misses you. Purgy misses you.
You enter the shallow water.
Moving in this stuff is going to be slow.
Purgy snarls, "Go!
Away!"
Purgy bites you!
* * * LOW HITPOINT WARNING * * *
Purgy closely misses you. Purgy claws you.
You die...

≈≈≈≈≈≈≈≈≈≈≈≈≈≈≈≈≈≈##
≈≈≈≈≈≈≈≈≈≈≈≈≈≈≈≈≈≈≈###
≈≈≈≈≈≈≈≈≈≈≈≈≈≈≈≈≈≈≈≈≈#
≈≈≈≈≈≈≈≈≈≈≈≈≈≈≈≈≈≈≈≈≈##
≈≈≈≈≈≈≈≈≈≈≈≈≈≈≈≈≈≈≈≈≈≈#
≈≈≈≈≈≈≈≈≈≈≈≈≈≈≈≈≈≈≈≈≈≈##
≈≈≈.≈..≈.≈##≈≈≈≈≈≈≈≈≈≈≈#
≈≈#.##.####..≈≈≈≈≈≈≈≈≈≈
#@# ##..≈≈≈≈≈≈≈≈≈ #T#
###≈≈≈≈≈≈≈≈≈ #.#
#≈≈≈≈≈≈≈≈≈ #≈#
##.≈≈≈≈≈≈≈ #.# ##≈≈≈≈≈≈≈
#≈# #.≈≈≈≈≈≈ ?≈?
##≈≈≈≈≈≈ !∩! ##≈≈≈≈≈ $!!
#≈≈≈≈≈


You could see Purgy.

Vanquished Creatures
  An ogre (D:4)
  A hound (D:4)
  Terence (D:2)
  A worker ant (D:3)
  5 adders
  2 worms (D:3)
  2 dart slugs
  2 giant geckos (D:4)
  4 orcs
  2 giant cockroaches (D:4)
  5 goblins
  13 hobgoblins
  3 jackals (D:4)
  6 kobolds
  2 quokkas
  5 bats
  7 giant newts
  8 rats
70 creatures vanquished.

Notes
Turn   | Place    | Note
--------------------------------------------------------------
     0 | D:1      | oplop the Vampire Assassin began the quest for the Orb.
     0 | D:1      | Reached XP level 1. HP: 16/16 MP: 1/1
   198 | D:1      | Reached skill level 6 in Stealth
   555 | D:1      | Reached XP level 2. HP: 19/22 MP: 2/2
  1066 | D:2      | Noticed Terence
  1072 | D:2      | Killed Terence
  1072 | D:2      | Reached XP level 3. HP: 28/28 MP: 3/3
  1589 | D:3      | Reached XP level 4. HP: 34/34 MP: 4/4
  1759 | D:3      | Found a shimmering altar of Xom.
  1761 | D:3      | Found a glowing golden altar of the Shining One.
  1763 | D:3      | Found a bloodstained altar of Trog.
  1763 | D:3      | Found an iron altar of Okawaru.
  1764 | D:3      | Found a shadowy altar of Dithmenos.
  2260 | D:4      | Reached XP level 5. HP: 29/39 MP: 5/5
  2283 | D:4      | Noticed an ogre
  2291 | D:4      | Killed an ogre
  2291 | D:4      | Reached skill level 7 in Stealth
  2523 | D:4      | Found a staircase to the Ecumenical Temple.
  2524 | D:4      | Noticed a phantom
  2549 | D:4      | Reached XP level 6. HP: 23/47 MP: 6/6
  2567 | Temple   | Entered the Ecumenical Temple
  2772 | D:4      | Found a glowing drain.
  2792 | Sewer    | Entered a sewer
  2847 | Sewer    | Noticed Purgy
  2853 | Sewer    | HP: 2/47 [Purgy (8)]
  2853 | Sewer    | Slain by Purgy

Vault maps used:
D:1:      matt_arrival_refuge, minmay_crystal_room
D:2:      first_bread, uniq_terence
D:3:      grunt_temple_overflow_open
D:4:      minmay_temple_entry_overgrown, portal_sewer_entry_f, st_stairs_1,
          uniq_robin
Temple:   chambers_temple_10
Sewer:    sewer_co_purgy_island

Skill      XL: |  1  2  3  4  5 |
---------------+----------------+-----
Fighting       | 2 3 |  3.0
Stealth        | 6 7 |  7.4
Throwing       | 2 |  2.7
Dodging        | 2 3 |  3.0
Short Blades   | 3 |  3.5

Action                   |  1- 3 |  4- 6 || total
-------------------------+-------+-------++-------
Melee: Dagger            |    81 |   115 ||   196
       Bite              |     5 |     9 ||    14
 Fire: Blowgun           |     9 |     6 ||    15
 Abil: End Transformatio |       |     1 ||     1
       Bat Form          |       |     1 ||     1
  Use: Potion            |       |     1 ||     1
       Scroll            |       |     7 ||     7
 Stab: Sleeping          |    14 |    10 ||    24
Armor: Robe              |     8 |    21 ||    29
Dodge: Dodged            |    34 |    86 ||   120
